grand theft 17 pdr

Match 19894512
End
Kradschützen Motorcycle Team
Selects Armored Support Battlegroup
Panzergrenadier Squad
Panzergrenadier Squad
Panzergrenadier Squad
Construct Light Support Kompanie
Selects Superior Fire Drills
Fire Support Elements
Flakvierling Half-track
Pak 38 Mechanized Group
Panzergrenadier Squad
le.IG 18 Support Gun Team
2.5-tonne Medical Truck
Selects Salvage Kits
Pak 38 Anti-tank Gun Team
MG34 Team
Panzergrenadier Squad
Veteran Squad Leaders
Selects Flammpanzer III Medium Tank Sd.Kfz. 141
Selects Panzer Storm
Selects Battlefield Salvage
2.5-tonne Medical Truck
Construct Panzerarmee Kommand
Battlefield Salvage
Selects Stuka Anti-tank Loiter
Armored Reserves
Stuka Anti-tank Loiter
Tiger Heavy Tank
Emergency Repair Kits
Panzer IV Assault Group
Ghost
T.R. Olvadi
Lyco
-AL-Nimahfrosch
0
0

Comments sign in to comment!

No comments posted yet!